 Seeded DCSS version 0.28-a0-503-g83f2989fac (webtiles) character file.

Game seed: 13 (custom seed)

18 Snicker the Sneak (level 2, -3/13 HPs)
             Began as a Spriggan Enchanter on Sept 21, 2021.
             Killed from afar by Natasha (9 damage)
             ... with a magic dart
             ... on level 2 of the Dungeon.
             The game lasted 00:03:18 (1781 turns).

Snicker the Sneak (Spriggan Enchanter)              Turns: 1781, Time: 00:03:19

Health: -3/13      AC:  2    Str:  4    XL:     2   Next: 48%
Magic:  0/6        EV: 32    Int: 16    God:
Gold:   72         SH:  0    Dex: 15    Spells: 2/6 levels left

rFire   . . .      SeeInvis +   a - +1 dagger
rCold   . . .      Faith    .   (shield restricted)
rNeg    . . .      Spirit   .   b - +0 robe
rPois   .          Reflect  .   (helmet restricted)
rElec   .          Harm     .   (no cloak)
rCorr   .          Rampage  .   (gloves unavailable)
Will    .....                   (boots unavailable)
Stlth   +++.......              i - amulet of the acrobat
HPRegen 0.04/turn               (no ring)
MPRegen 0.10/turn               (no ring)

@: acrobatic, slowed, quick
A: very small, no large weapons, unfitting armour, see invisible, speed 3
a: no special abilities


You were on level 2 of the Dungeon.
You visited 1 branch of the dungeon, and saw 2 of its levels.

You collected 72 gold pieces.

Inventory:

Hand Weapons
 a - a +1 dagger (weapon)
 f - the +6 arbalest "Ryrer" {elec, rElec}
   (You acquired it on level 1 of the Dungeon)

   Any ammunition fired from it occasionally discharges a powerful burst of
   electricity upon striking a foe.
   rElec:     It insulates you from electricity.
Armour
 b - a +0 robe (worn)
Jewellery
 i - an amulet of the acrobat (around neck)
Scrolls
 h - a scroll of enchant weapon {unknown}
Potions
 c - a potion of invisibility
 d - a potion of curing {unknown}
 e - a potion of brilliance {unknown}
 g - a potion of berserk rage {unknown}
 j - a potion of flight {unknown}


   Skills:
 * Level 1.6 Short Blades
 - Level 2.6 Dodging
 * Level 5.5 Stealth
 - Level 2.6 Spellcasting
 - Level 3.6 Hexes
 * Level 0.5 Translocations


You had 2 spell levels left.
You knew the following spells:

 Your Spells              Type           Power      Damage    Failure   Level
a - Ensorcelled Hibernat  Hex/Ice        14%        N/A       14%         2
b - Blink                 Tloc           N/A        N/A       24%         2

Your spell library contained the following spells:

 Spells                   Type           Power      Damage    Failure   Level
 Confusing Touch          Hex            13%        N/A       13%         3
 Tukima's Dance           Hex            13%        N/A       13%         3
 Dazzling Flash           Conj/Hex       14%        N/A       28%         3
 Passage of Golubria      Tloc           N/A        N/A       83%         4
 Iskenderun's Mystic Bla  Conj/Tloc      2%         2d3       86%         4
 Metabolic Englaciation   Hex/Ice        3%         N/A       95%         5
 Summon Mana Viper        Hex/Summ       7%         N/A       95%         5
 Invisibility             Hex            6%         N/A       100%        6


Dungeon Overview and Level Annotations

Branches:
Dungeon (2/15)

Altars:

Annotations:
D:2 Natasha


Innate Abilities, Weirdness & Mutations

You are very small and have problems with some larger weapons.
You are too small for most types of armour.
You have supernaturally acute eyesight. (SInv)
You cover ground extremely quickly. (Speed+++)


Message History

A ball python comes into view.
You barely miss the bat. The bat misses you.
Natasha howls an incantation.
Natasha's front paws start to glow.
The bat completely misses you.
You hit the bat.
The bat is moderately wounded.
The bat completely misses you. The shadow imp spits at you.
Cast which spell? (? or * to list)
Aiming: Ensorcelled Hibernation (safe; 14% risk of failure)
Press: ? - help, Shift-Dir - straight line, f - Natasha
Aim: Natasha (chance to affect: 38%) Natasha resists with some effort.
Natasha misses you.
Unknown command.
Casting: Ensorcelled Hibernation (safe; 14% risk of failure)
Confirm with . or Enter, or press ? or * to list all spells.
Aiming: Ensorcelled Hibernation (safe; 14% risk of failure)
Press: ? - help, Shift-Dir - straight line, f/p - Natasha
Aim: Natasha (chance to affect: 38%) Natasha resists with some effort.
The ball python hisses angrily.
Natasha barely misses you.
Casting: Ensorcelled Hibernation (safe; 14% risk of failure)
Confirm with . or Enter, or press ? or * to list all spells.
Aiming: Ensorcelled Hibernation (safe; 14% risk of failure)
Press: ? - help, Shift-Dir - straight line, f/p - Natasha
Aim: Natasha (chance to affect: 38%) Natasha resists with some effort.
Natasha casts a spell at you.
You feel yourself slow down.
Unknown command.
Natasha completely misses you.
Natasha stares at you and mumbles some strange words.
The magic dart hits you!
Ouch! That really hurt!
Natasha stares at you and mumbles some strange words.
The magic dart hits you!
Ouch! That really hurt!
You die...

######### #........
######### #........
........###S.......
#######.h5gb......$
........###.......S
#######.# #........
#@###........
#>...........
###.#######.# #.# #
#.# #.# .#
####.#######.##
#.............##
#...............


You could see Natasha.

Vanquished Creatures
  A dart slug (D:2)
  2 ball pythons
  2 goblins (D:1)
  A hobgoblin (D:2)
  A quokka (D:1)
  3 bats (D:1)
  2 frilled lizards (D:2)
  2 kobolds (D:1)
  3 rats
17 creatures vanquished.

Vanquished Creatures (others)
  3 plants (D:1)
3 creatures vanquished.

Grand Total: 20 creatures vanquished

Notes
Turn   | Place    | Note
-------+----------+-------------------------------------------
     0 | D:1      | Snicker the Spriggan Enchanter began the quest for the Orb.
     0 | D:1      | Reached XP level 1. HP: 9/9 MP: 5/5
   505 | D:1      | Reached skill level 5 in Stealth
   763 | D:1      | Reached XP level 2. HP: 13/13 MP: 6/6
   766 | D:1      | Learned a level 2 spell: Ensorcelled Hibernation
   766 | D:1      | Identified 2 scrolls of acquirement
   766 | D:1      | Acquired Zadyinay's Compendium of Dislocated Bewitchment
   771 | D:1      | Learned a level 2 spell: Blink
   771 | D:1      | Acquired the +6 arbalest "Ryrer" {elec, rElec}
  1764 | D:2      | Noticed Natasha
  1781 | D:2      | Killed from afar by Natasha

Illustrated notes

Levels and vault maps discovered:
D:1:      saegor_arrival_under_anarchy, layout_basic, serial_bayou,
          serial_bayou_shore_a, serial_bayou_pond_c, serial_bayou_pond_e,
          serial_bayou_lake_a, serial_bayou_crossing
D:2:      layout_basic, uniq_robin, uniq_natasha

Skill      XL: |  1 |
---------------+----+-----
Stealth        | 5 |  5.5
Short Blades   | |  1.6
Dodging        | |  2.6
Spellcasting   | |  2.6
Hexes          | |  3.6
Translocations | |  0.5

Action                   || total
-------------------------++-------
Melee: Dagger            ||    57
 Cast: Ensorcelled Hiber ||     3
  Use: Scroll            ||     2
 Stab: Sleeping          ||     9
Armor: Robe              ||     6
Dodge: Dodged            ||    53

Table legend: (Time is in decaauts)
 A = Elapsed time spent in this place.
 B = Non-inter-level travel time spent in this place.
 C = Inter-level travel time spent in this place.
 D = Time resting spent in this place.
 E = Time spent auto-exploring this place.
 F = Levels seen in this place.
 G = Mean time per level.
                   A        B        C        D        E       F      G
               +--------+--------+--------+--------+--------+-----+--------+
         Total |   1425 |   1408 |     17 |    269 |    940 |   2 |  712.5 |
       Dungeon |   1425 |   1408 |     17 |    269 |    940 |   2 |  712.5 |
               +--------+--------+--------+--------+--------+-----+--------+

Top non-repeatable levels by time:
     D:1: 986 daAuts
     D:2: 438 daAuts
